 Dungeon Crawl Stone Soup version 0.18-a0-270-ga9d907f (webtiles) character file.

1917 Raultor the Martial Artist (level 9, -3/44 HPs)
             Began as a Vine Stalker Monk on Nov 26, 2015.
             Was a Priest of Zin.
             Killed by the air
             ... invoked by Gastronok
              (16 damage)
             ... on level 8 of the Dungeon.
             The game lasted 00:20:56 (6053 turns).

Raultor the Martial Artist (Vine Stalker Monk)      Turns: 6053, Time: 00:20:56

Health: -3/44      AC:  3    Str: 19    XL:     9   Next: 16%
Magic:  0/10       EV: 14    Int: 12    God:    Zin [***...]
Gold:   218        SH:  0    Dex: 18    Spells: 2 memorised, 4 levels left

rFire  . . .     SeeInvis .       - Unarmed
rCold  . . .     Clarity  .     a - +0 robe
rNeg   . . .     SustAt   .     (no shield)
rPois  ∞         Gourm    .     (no helmet)
rElec  .         Spirit   +     (no cloak)
rCorr  .         Warding  .     n - +0 pair of gloves
rMut   .         Stasis   .     (no boots)
MR     +....                    (no amulet)
Stlth  ++........               C - +2 ring of strength
                                (no ring)

@: vitalised, somewhat resistant to hostile enchantments, unstealthy
A: fangs 3, regeneration 2, magic shield, antimagic bite, no device heal 3, rot
immunity
a: Recite, Vitalisation, Imprison, Donate Gold, Renounce Religion


You were on level 8 of the Dungeon.
You worshipped Zin.
Zin was most pleased with you.
You were not hungry.

You visited 2 branches of the dungeon, and saw 9 of its levels.

You collected 401 gold pieces.
You spent 143 gold pieces at shops.
You donated 40 gold pieces to Zin.

Inventory:

Missiles
 v - 5 steel javelins
 G - 2 javelins (quivered)
Armour
 a - a +0 robe (worn)
 h - a +0 leather armour
 n - a +0 pair of gloves (worn)
 q - a +0 chain mail
Jewellery
 C - a +2 ring of strength (right hand)
 M - an uncursed ring of fire {unknown}
Scrolls
 c - 3 scrolls of magic mapping {unknown}
 e - 3 scrolls of amnesia {unknown}
 f - 5 scrolls of identify {unknown}
 j - a scroll of recharging {unknown}
 k - 2 scrolls of remove curse
 p - 2 scrolls of fog {unknown}
 x - a scroll of fear {unknown}
 y - 5 scrolls of enchant weapon {unknown}
 z - 4 scrolls of noise {unknown}
 B - 3 scrolls of blinking {unknown}
 Q - a scroll of immolation {unknown}
Potions
 g - 3 potions of degeneration {unknown}
 i - a potion of heal wounds {unknown}
 l - a potion of might {unknown}
 s - a potion of flight {unknown}
 t - 5 potions of curing
 u - 2 potions of mutation {unknown}
 w - a potion of poison {unknown}
 A - a potion of lignification {unknown}
 D - 2 potions of berserk rage {unknown}
 E - a potion of haste
 F - 2 potions of brilliance {unknown}
 I - a potion of ambrosia {unknown}
 J - 2 potions of agility {unknown}
 L - a potion of cancellation {unknown}
 N - a potion of invisibility
 O - a potion of magic {unknown}
Books
 o - a book of Party Tricks

   Spells                             Type                      Level
   a - Summon Butterflies             Summoning                    1
   b - Apportation                    Translocation                1
   c - Tukima's Dance                 Hexes                        3
   d - Alistair's Intoxication        Transmutation/Poison         4
   e - Invisibility                   Hexes                        6
 P - a book of Frost

   Spells                             Type                      Level
   a - Freeze                         Ice                          1
   b - Throw Frost                    Conjuration/Ice              2
   c - Ozocubu's Armour               Charms/Ice                   3
   d - Throw Icicle                   Conjuration/Ice              4
   e - Summon Ice Beast               Ice/Summoning                4
   f - Condensation Shield            Ice                          4
Comestibles
 b - 7 bread rations
 d - 4 beef jerkies
 m - 2 meat rations
 r - 10 fruits
 H - a chunk of flesh
 K - 7 slices of pizza


   Skills:
 - Level 3.4 Fighting
 - Level 0.1 Throwing
 - Level 3.9 Dodging
 - Level 2.5 Stealth
 * Level 10.2 Unarmed Combat
 - Level 0.2 Spellcasting
 * Level 4.6 Hexes
 + Level 1.3 Invocations


You had 4 spell levels left.
You knew the following spells:

 Your Spells              Type           Power        Failure   Level  Hunger
a - Tukima's Dance        Hex            ##......     17%         3    ####...
b - Summon Butterflies    Summ           #.......     34%         1    ##.....


Dungeon Overview and Level Annotations

Branches:
Dungeon (8/15)             Temple (1/1) D:7
   Lair: D:8-11

Altars:
Ashenzari
Cheibriados
Elyvilon
Fedhas
Gozag
Kikubaaqudgha
Makhleb
Nemelex Xobeh
Okawaru
Qazlal
Ru
Sif Muna
Trog
Vehumet
Xom
Yredelemnul
Zin
The Shining One

Shops:
D:6 *   D:7 !

Annotations:
D:5 exclusion: slave, Pikel
D:8 Gastronok, Joseph


Innate Abilities, Weirdness & Mutations

You have razor-sharp teeth.
You heal very quickly.
When hurt, damage is shared between your health and your magic reserves.
Your bite disrupts and absorbs the magic of your enemies.
Potions and wands cannot restore your health.
You are immune to rotting.


Message History

Gastronok is heavily wounded.
Gastronok bites you!!
Ouch! That really hurt!
* * * LOW HITPOINT WARNING * * *
You are too injured to fight recklessly!
You are too injured to fight recklessly!
You are too injured to fight recklessly!
You punch Gastronok! You bite Gastronok, but do no damage.
Gastronok is severely wounded.
You punch Gastronok! You punch Gastronok. You bite Gastronok, but do no damage.
Gastronok is severely wounded.
Gastronok falters for a moment.
You hit Gastronok. You bite Gastronok.
Gastronok's magic leaks into the air.
You drain his magic.
You feel invigorated.
Gastronok is severely wounded.
You hit Gastronok.
Gastronok is severely wounded.
Gastronok waves his eye-stalks in wide circles.
The air twists around and strikes you!
You die...

#.#.............#
#.####...######.# #.#
##....## #.# #.# ###...###.#
#.######.....##.#
..##............## ####
.###.###.....#...# ....# >#
#.# ##...##.#.#(8.8.# .# #.#
##.###.#@w.(_(.### .# #.#
##.###.###.8.8(#.#
.###.####...##.# .....#.#
..........#..>(# #####.# #.
...#.....###...# #.##.# #.
.####.##..#..#.# #.##.# #. .#
#.###...##.######.##.#######.
## #.#
#.####................... #
#.# #.# ######.#.........#..


You could see Gastronok.

Vanquished Creatures
  A human (D:7)
  A hungry ghost (D:8)
  A water moccasin (D:8)
  A necrophage (D:6)
  4 ogres
  A phantom (D:5)
  A centaur (D:5)
  2 giant frogs
  A scorpion (D:7)
  2 wyvern skeletons (D:8)
  3 hounds
  A centaur skeleton (D:8)
  A jelly (D:6)
  An orc wizard (D:4)
  Terence (D:2)
  Natasha (thrice) (D:2)
  3 iguanas
  4 sheep (D:7)
  A hound zombie (D:7)
  2 hound skeletons
  A worker ant zombie (D:5)
  15 adders
  A shadow imp (D:5)
  2 oozes
  5 giant geckos
  17 orcs
  4 bats
  4 hobgoblins
  6 jackals
  3 ball pythons
  2 giant cockroaches (D:2)
  A giant cockroach zombie (D:6)
  8 giant newts
  6 goblins
  5 kobolds
  3 rats
118 creatures vanquished.

Vanquished Creatures (others)
  A dancing weapon (D:7)
1 creature vanquished.

Grand Total: 119 creatures vanquished

Notes
Turn   | Place    | Note
--------------------------------------------------------------
     0 | D:1      | Raultor the Vine Stalker Monk began the quest for the Orb.
     0 | D:1      | Reached XP level 1. HP: 11/11 MP: 2/2
   224 | D:1      | Reached XP level 2. HP: 10/16 MP: 3/3
   490 | D:2      | Found a deep blue altar of Sif Muna.
   526 | D:2      | Reached XP level 3. HP: 17/19 MP: 2/4
   607 | D:2      | Found a basalt altar of Yredelemnul.
   664 | D:2      | Noticed Terence
   693 | D:2      | Killed Terence
   693 | D:2      | Reached XP level 4. HP: 20/23 MP: 5/5
   781 | D:2      | Found a blossoming altar of Fedhas.
   782 | D:2      | Noticed Natasha
   789 | D:2      | Killed Natasha
   975 | D:2      | Found a white marble altar of Elyvilon.
  1152 | D:2      | Noticed Natasha
  1165 | D:2      | Killed Natasha
  1165 | D:2      | Reached skill level 5 in Unarmed Combat
  1193 | D:2      | Noticed Natasha
  1233 | D:2      | Killed Natasha
  1301 | D:2      | Reached XP level 5. HP: 28/28 MP: 6/6
  1721 | D:3      | Learned a level 3 spell: Tukima's Dance
  1758 | D:3      | Found an opulent altar of Gozag.
  2297 | D:4      | Learned a level 1 spell: Summon Butterflies
  2306 | D:4      | Reached skill level 1 in Hexes
  2306 | D:4      | Gained mutation: You heal very quickly. [Vine Stalker growth]
  2306 | D:4      | Reached XP level 6. HP: 28/32 MP: 7/7
  2365 | D:4      | Found a bloodstained altar of Trog.
  3065 | D:5      | Entered Level 5 of the Dungeon
  3119 | D:5      | Reached skill level 6 in Unarmed Combat
  3224 | D:5      | Reached XP level 7. HP: 21/36 MP: 4/8
  3290 | D:5      | Noticed Pikel
  3808 | D:6      | Found a shattered altar of Ashenzari.
  4057 | D:6      | Found Mocaest's General Store.
  4367 | D:7      | Reached skill level 7 in Unarmed Combat
  4374 | D:7      | Found a staircase to the Ecumenical Temple.
  4403 | Temple   | Entered the Ecumenical Temple
  4442 | Temple   | Became a worshipper of Zin the Law-Giver
  4442 | Temple   | Reached * piety under Zin
  4442 | Temple   | Reached ** piety under Zin
  4442 | Temple   | Reached *** piety under Zin
  4864 | D:6      | Gained mutation: You have razor-sharp teeth. [Vine Stalker growth]
  4864 | D:6      | Reached XP level 8. HP: 40/40 MP: 9/9
  4890 | D:6      | Reached skill level 8 in Unarmed Combat
  4946 | D:6      | Found a burning altar of Makhleb.
  5436 | D:7      | Reached skill level 9 in Unarmed Combat
  5440 | D:7      | Found Riove's Distillery.
  5443 | D:7      | Bought a potion of invisibility for 104 gold pieces
  5443 | D:7      | Bought a potion of curing for 39 gold pieces
  5641 | D:8      | Noticed Joseph
  5642 | D:8      | Reached skill level 1 in Invocations
  5832 | D:8      | Reached XP level 9. HP: 20/44 MP: 7/10
  5924 | D:8      | Reached skill level 10 in Unarmed Combat
  6032 | D:8      | Found a basalt altar of Yredelemnul.
  6032 | D:8      | Noticed Gastronok
  6053 | D:8      | Killed from afar by Gastronok

Vault maps used:
D:1:      minmay_arrival_semitransparent
D:2:      lemuel_crystal_altar, lemuel_crystal_altar, fedhas_altar_fruit_tree,
          first_bread, yredelemnul_altar_generic, uniq_terence, uniq_natasha,
          uniq_jessica
D:3:      grunt_gozag_statues
D:4:      kennysheep_mini_moat, hangedman_abyss_or_decor_jellyfish_corner
D:5:      uniq_pikel
D:6:      ashenzari_conservatory_becter, serial_shops, kennysheep_mini,
          makhleb_blood_cavern_becter
D:7:      temple_hall, serial_shops, nicolae_shop_statue_plus, grunt_livestock
D:8:      kennysheep_little_box, uniq_prince_ribbit1, uniq_gastronok,
          uniq_joseph
Temple:   circular_temple_12

Action                   |  1- 3 |  4- 6 |  7- 9 || total
-------------------------+-------+-------+-------++-------
Melee: Unarmed           |    79 |   238 |   178 ||   495
Throw: Stone             |     1 |       |       ||     1
       Javelin           |       |       |    17 ||    17
 Cast: Tukima's Dance    |       |       |     4 ||     4
Invok: Vitalisation      |       |       |     3 ||     3
       Recite            |       |       |     1 ||     1
  Use: Scroll            |       |     1 |       ||     1
 Stab: Sleeping          |     3 |     5 |     8 ||    16
       Distracted        |       |     1 |       ||     1
  Eat: Chunk             |       |     8 |     9 ||    17
       Bread ration      |       |       |     1 ||     1
